 Dungeon Crawl Stone Soup version 0.28.0-53-g5a82cb258f (webtiles) character file.

Game seed: 616316793502440470

28 Peloso the Shield-Bearer (level 2, -1/27 HPs)
             Began as a Minotaur Fighter on May 28, 2022.
             Succumbed to an adder's poison
             ... on level 2 of the Dungeon.
             The game lasted 00:01:38 (904 turns).

Peloso the Shield-Bearer (Minotaur Fighter)          Turns: 904, Time: 00:01:39

Health: -1/27      AC:  7    Str: 20    XL:     2   Next: 96%
Magic:  1/1        EV:  9    Int:  5    God:
Gold:   27         SH:  4    Dex:  9    Spells: 1/1 levels left

rFire   . . .      SeeInvis .   a - +0 long sword
rCold   . . .      Faith    .   c - +0 buckler
rNeg    . . .      Spirit   .   b - +0 scale mail
rPois   .          Reflect  .   (helmet restricted)
rElec   .          Harm     .   (no cloak)
rCorr   .          Rampage  .   (no gloves)
Will    .....                   (no boots)
Stlth   ..........              (no amulet)
HPRegen 0.09/turn               (no ring)
MPRegen 0.07/turn               (no ring)

@: lethally poisoned (-1 -> -6)
A: horns 2, retaliatory headbutt
a: no special abilities


You were on level 2 of the Dungeon.
You visited 1 branch of the dungeon, and saw 2 of its levels.

You collected 27 gold pieces.

Inventory:

Hand Weapons
 a - a +0 long sword (weapon)
Armour
 b - a +0 scale mail (worn)
 c - a +0 buckler (worn)
Jewellery
 e - an amulet of reflection
 i - an amulet of magic regeneration
Scrolls
 f - a scroll of identify {unknown}
 h - 3 scrolls of amnesia {unknown}
Potions
 d - 3 potions of might
 g - a potion of lignification {unknown}


   Skills:
 + Level 4.1 Fighting
 + Level 2.6 Long Blades
 + Level 4.1 Armour
 + Level 0.1 Dodging
 + Level 4.1 Shields


You had one spell level left.
You didn't know any spells.
Your spell library was empty.

Dungeon Overview and Level Annotations

Branches:
Dungeon (2/15)

Altars:


Innate Abilities, Weirdness & Mutations

You have a pair of horns on your head.
You reflexively headbutt those who attack you in melee.


Message History

The adder is heavily wounded.
The adder bites you but does no damage.
You barely miss the adder.
The adder is heavily wounded.
The adder bites you but does no damage. The adder barely misses you.
You closely miss the adder. Your headbutt misses the adder.
The adder is heavily wounded.
The adder bites you but does no damage. The adder barely misses you.
You miss the adder. Your headbutt misses the adder.
The adder is heavily wounded.
The adder completely misses you. You furiously retaliate!
You headbutt the adder. You miss the adder. Your headbutt misses the adder.
The adder is heavily wounded.
The adder bites you but does no damage. The adder barely misses you.
You miss the adder. Your headbutt misses the adder.
The adder is heavily wounded.
The adder bites you.
You are poisoned.
The adder poisons you! The adder bites you.
You are more poisoned.
The adder poisons you!
You hit the adder. Your headbutt misses the adder.
The adder is severely wounded.
You feel very sick. The adder closely misses you. The adder bites you.
You closely miss the adder.
The adder is severely wounded.
* * * LOW HITPOINT WARNING * * *
You feel sick. The adder bites you.
* * * LOW HITPOINT WARNING * * *
You barely miss the adder. Your headbutt misses the adder.
The adder is severely wounded.
* * * LOW HITPOINT WARNING * * *
You feel sick. The adder bites you.
* * * LOW HITPOINT WARNING * * *
You block the adder's attack.
You closely miss the adder.
The adder is heavily wounded.
You die...

#####
#...##############
#......<.........#
#...############.#
##.## #S#
##.#############@##
##.#.....†........#
.#.#.##########......><
.#.#.# ..#...### †....#
##.#.#.# ######
..#....# # ######.# #
.# .


You could see an adder.

Vanquished Creatures
  A ball python (D:1)
  6 bats
  3 endoplasms
  A giant cockroach (D:1)
  4 goblins (D:1)
  A hobgoblin (D:1)
  A frilled lizard (D:1)
  4 kobolds (D:1)
  5 rats
26 creatures vanquished.

Vanquished Creatures (others)
  4 plants (D:1)
4 creatures vanquished.

Grand Total: 30 creatures vanquished

Notes
Turn   | Place    | Note
-------+----------+-------------------------------------------
     0 | D:1      | Peloso the Minotaur Fighter began the quest for the Orb.
     0 | D:1      | Reached XP level 1. HP: 19/19 MP: 0/0
   435 | D:1      | Reached XP level 2. HP: 27/27 MP: 1/1
   707 | D:1      | Found a faded altar of an unknown god.
   903 | D:2      | HP: 1/27 [adder (4)]
   904 | D:2      | Succumbed to an adder's poison

Illustrated notes

Levels and vault maps discovered:
D:1:      saegor_arrival_simple_c, layout_basic,
          ebering_ecumenical_altar_petrified, serial_forest,
          infiniplex_forest_lined_room_3, infiniplex_forest_clump_C,
          infiniplex_forest_lined_room_3, infiniplex_forest_lined_room_2,
          infiniplex_forest_clump_small, infiniplex_forest_lined_corner,
          infiniplex_forest_clump_small, infiniplex_forest_straight_3,
          infiniplex_forest_clump_small, infiniplex_forest_end_2
D:2:      layout_loops_ring

Skill      XL: |  1  2 |
---------------+-------+-----
Shields        | 4 |  4.1
Fighting       | 4 |  4.1
Armour         | 4 |  4.1
Long Blades    | |  2.6
Dodging        | |  0.1

Action                   || total
-------------------------++-------
Melee: Long sword        ||    69
       Headbutt          ||     9
Armor: Scale mail        ||    33
Dodge: Dodged            ||    46
Block: Buckler           ||    20
